 Dungeon Crawl Stone Soup version 0.21.1-1-g345015fe64 (webtiles) character file.

134 Lavandula the Magician (level 5, 0/35 HPs)
             Began as a Barachi Earth Elementalist on June 28, 2018.
             Shot with an arrow by a centaur (8 damage)
             ... on level 5 of the Dungeon.
             The game lasted 00:06:37 (723 turns).

Lavandula the Magician (Barachi Earth Elementalist)  Turns: 723, Time: 00:06:38

Health: 0/35       AC:  2    Str: 10    XL:     5   Next: 17%
Magic:  11/11      EV: 12    Int: 16    God:
Gold:   71         SH:  0    Dex: 12    Spells: 8/12 levels left

rFire    . . .     SeeInvis +   l - +8 war axe of Woe {freeze, SInv}
rCold    . . .     Gourm    .   (no shield)
rNeg     . . .     Faith    .   c - +0 robe
rPois    .         Spirit   .   (no helmet)
rElec    .         Reflect  .   (no cloak)
rCorr    .         Harm     .   (no gloves)
MR       .....                  (no boots)
Stlth    ++........             k - amulet of inaccuracy (curse)
HPRegen  0.11/turn              h - ring of wizardry
MPRegen  0.12/turn              (no ring)

@: slow
A: +LOS, swims, slowness 1, strong legs 1
a: Hop


You were on level 5 of the Dungeon.
You were not hungry.

You visited 1 branch of the dungeon, and saw 5 of its levels.

You collected 71 gold pieces.

Inventory:

Hand Weapons
 a - a +0 whip of freezing
 j - a +0 quarterstaff
 l - the +8 war axe of Woe (weapon) {freeze, SInv}
   (You found it on level 4 of the Dungeon)

   It has been specially enchanted to freeze those struck by it, causing extra
   injury to most foes and up to half again as much damage against particularly
   susceptible opponents.
   It can also slow down cold-blooded creatures.
   It lets you see invisible.
Missiles
 b - 46 stones (quivered)
Armour
 c - a +0 robe (worn)
Jewellery
 h - a ring of wizardry (left hand)
 k - a cursed amulet of inaccuracy (around neck)
 o - an uncursed amulet of faith {unknown}
Scrolls
 m - a scroll of teleportation
Potions
 f - 2 potions of curing
 g - a potion of mutation {unknown}
 i - a potion of invisibility
 n - a potion of brilliance
 p - a potion of ambrosia {unknown}
Books
 e - a book of Geomancy

   Spells                             Type                      Level
   a - Sandblast                      Earth                        1
   b - Passwall                       Transmutation/Earth          2
   c - Stone Arrow                    Conjuration/Earth            3
   d - Petrify                        Transmutation/Earth          4
   e - Lee's Rapid Deconstruction     Earth                        5
Comestibles
 d - 5 rations


   Skills:
 + Level 3.3 Axes
 - Level 2.1 Dodging
 - Level 1.7 Stealth
 - Level 4.0 Spellcasting
   Level 1.1 Transmutations
 - Level 3.1 Earth Magic


You had 8 spell levels left.
You knew the following spells:

 Your Spells              Type           Power        Failure   Level  Hunger
a - Sandblast             Erth           ##....       1%          1    None
b - Stone Arrow           Conj/Erth      #.....       11%         3    ###....


Dungeon Overview and Level Annotations

Branches:
Dungeon (5/15)
 Temple: D:4-7

Altars:

Shops:
D:4 [

Annotations:
D:3 Naru's ghost, weakling MiBe
D:4 Dowan; Duvessa


Innate Abilities, Weirdness & Mutations

Shadows flee at your approach. (+LOS)
You can swim through water.
You cover ground slowly.
You can hop short distances.


Message History

You see here a jackal corpse.
g - a brown potion Magic restored.
Found a fuming cyan potion.
Found a potion of curing.
Found a scroll labeled CASEIR VITE.
p - a fuming cyan potion
f - 3 potions of curing (gained 1)
Found a chain mail.
A scorpion comes into view.
A scorpion is nearby!
A centaur comes into view.
The centaur shouts!
The centaur wields a shortbow.
The centaur shoots an arrow.
The arrow hits you!
The centaur shoots an arrow.
The arrow hits you!
* * * LOW HITPOINT WARNING * * *
Things that are here:
2 arrows; a scroll labeled CASEIR VITE You feel better.
The centaur shoots an arrow.
The arrow hits you!
You die...

### ##### ..###. ##
#...##....... ###.#
#....#......c
.....## #........s#
.......####..@.....#
..........#...###..#
.............##
#####.......##
###....## ###..#
#..# #.## ##.# ..


You could see a centaur and a scorpion (wandering).

Vanquished Creatures
  An orc wizard (D:5)
  A worker ant (D:5)
  3 adders
  An ooze (D:5)
  2 adder skeletons
  A leopard gecko (D:4)
  6 orcs
  3 goblins
  A hobgoblin (D:3)
  7 jackals
  3 kobolds
  2 quokkas
  A bat (D:1)
  3 frilled lizards
  A rat (D:1)
36 creatures vanquished.

Notes
Turn   | Place    | Note
-------+----------+-------------------------------------------
     0 | D:1      | Lavandula the Barachi Earth Elementalist began the quest for the Orb.
     0 | D:1      | Reached XP level 1. HP: 13/13 MP: 3/3
   146 | D:2      | Reached XP level 2. HP: 17/19 MP: 1/5
   295 | D:3      | Reached skill level 3 in Spellcasting
   316 | D:3      | Noticed Naru's ghost (weakling MiBe)
   380 | D:3      | Reached XP level 3. HP: 15/24 MP: 4/8
   422 | D:3      | Reached skill level 4 in Spellcasting
   440 | D:4      | Learned a level 3 spell: Stone Arrow
   465 | D:4      | Found Xiwniddau's Antique Armour Boutique.
   533 | D:4      | Got an iridescent war axe
   543 | D:4      | Identified the +8 war axe of Woe {freeze, SInv} (You found it on level 4 of the Dungeon)
   555 | D:4      | Noticed Dowan
   558 | D:4      | Noticed Duvessa
   576 | D:5      | Entered Level 5 of the Dungeon
   581 | D:5      | Reached skill level 1 in Axes
   581 | D:5      | Reached XP level 4. HP: 23/30 MP: 3/10
   647 | D:5      | Reached XP level 5. HP: 19/35 MP: 2/11
   666 | D:5      | Noticed an ogre
   722 | D:5      | Noticed a centaur
   722 | D:5      | HP: 1/35 [centaur/arrow (15)]
   723 | D:5      | Shot with an arrow by a centaur

Skill      XL: |  1  2  3  4 |
---------------+-------------+-----
Spellcasting   | 3 4 |  4.0
Axes           | 1 3 |  3.3
Dodging        | |  2.1
Stealth        | |  1.7
Transmutations | |  1.1
Earth Magic    | |  3.1

Action                   |  1- 3 |  4- 6 || total
-------------------------+-------+-------++-------
Melee: Whip              |    16 |       ||    16
       War axe           |     2 |    19 ||    21
 Cast: Sandblast         |    30 |     7 ||    37
       Stone Arrow       |     1 |       ||     1
 Abil: Hop               |     1 |       ||     1
  Use: Potion            |     2 |     2 ||     4
       Scroll            |     1 |     2 ||     3
Armor: Robe              |     2 |     5 ||     7
Dodge: Dodged            |    13 |    10 ||    23
